 Dungeon Crawl Stone Soup version 0.20-a0-492-g6327889 (webtiles) character file.

20091 Klosterheim the Carver (level 12, -3/145 HPs)
             Began as a Yellow Draconian Fighter on Jan 15, 2017.
             Was a High Priest of Cheibriados (penitent).
             Slain by a minotaur
             ... wielding a +4 demon blade of draining
              (4 damage)
             ... in a labyrinth.
             The game lasted 00:40:48 (10469 turns).

Klosterheim the Carver (Yellow Draconian Fighter)  Turns: 10469, Time: 00:40:49

Health: -3/145     AC: 10    Str: 24    XL:     12   Next: 42%
Magic:  17/20      EV: 15    Int: 10    God:    Cheibriados [*]
Gold:   354        SH: 11    Dex: 14    Spells: 11/17 levels left

rFire    + . .     SeeInvis .   H - +3 scimitar
rCold    . . .     Gourm    .   (armour unavailable)
rNeg     . . .     Faith    .   b - +0 shield
rPois    +         Spirit   .   (helmet restricted)
rElec    +         Reflect  .   M - +0 cloak
rCorr    +         Harm     .   L - +0 pair of gloves of Edyoh {rElec rF+ Stlth+} (curse)
MR       .....                  (no boots)
Stlth    ..........             (no amulet)
Regen    0.3/turn               f - +2 ring of evasion
                                e - ring of poison resistance

@: berserking, short of breath, heavily drained, very slow
A: spit acid, acid resistance, unfitting armour, cold-blooded, AC +8
a: Breathe Acid, Renounce Religion


You were in a labyrinth.
You worshipped Cheibriados.
Cheibriados was demanding penance.
You were hungry.

You visited 1 branch of the dungeon, and saw 11 of its levels.
You also visited: Labyrinth.

You collected 640 gold pieces.
You spent 286 gold pieces at shops.

Inventory:

Hand Weapons
 C - a +3 falchion of holy wrath
 H - a +3 scimitar (weapon)
Armour
 b - a +0 shield (worn)
 L - the cursed +0 pair of gloves of Edyoh (worn) {rElec rF+ Stlth+}
   (You bought it in a shop on level 8 of the Dungeon)

   It protects you from fire.
   It insulates you from electricity.
   It makes you more stealthy.
   It has a curse placed upon it.
 M - a +0 cloak (worn)
Jewellery
 e - a ring of poison resistance (left hand)
 f - a +2 ring of evasion (right hand)
 J - an uncursed ring of flight
Wands
 n - a wand of random effects (32/48)
 o - a wand of digging (5/24)
 v - a wand of digging (17/24)
 x - a wand of paralysis (10/24)
 A - a wand of iceblast (0/15)
 I - a wand of iceblast (9/15)
Scrolls
 a - a scroll of amnesia
 h - 3 scrolls of enchant weapon
 i - 2 scrolls of identify
 k - 2 scrolls of enchant armour
 m - 4 scrolls of remove curse
 p - a scroll of fear
 q - 3 scrolls of teleportation
 z - a scroll of recharging {unknown}
Potions
 g - 7 potions of curing
 j - a potion of cancellation
 t - a potion of lignification
 u - a potion of brilliance
 w - a potion of magic
 B - a potion of ambrosia
 F - a potion of agility
Books
 y - a book of Summonings

   Spells                             Type                      Level
   a - Recall                         Summoning/Translocation      3
   b - Aura of Abjuration             Summoning                    5
   c - Summon Demon                   Summoning                    5
   d - Summon Forest                  Summoning/Translocation      5
   e - Summon Mana Viper              Hexes/Summoning              5
   f - Shadow Creatures               Summoning                    6
 D - a book of Maledictions

   Spells                             Type                      Level
   a - Corona                         Hexes                        1
   b - Ensorcelled Hibernation        Hexes/Ice                    2
   c - Confuse                        Hexes                        3
   d - Tukima's Dance                 Hexes                        3
   e - Dazzling Spray                 Conjuration/Hexes            3
Comestibles
 d - 8 bread rations
 r - 4 fruits
 s - 6 meat rations
 G - 2 slices of pizza


   Skills:
 - Level 6.5(4.9) Fighting
 - Level 12.4(10.5) Long Blades
 - Level 7.0(5.4) Dodging
 + Level 8.7(7.0) Shields
 + Level 3.1(1.6) Spellcasting
 * Level 4.5(3.0) Summonings
 - Level 11.2(9.4) Invocations


You had 11 spell levels left.
You knew the following spells:

 Your Spells              Type           Power        Failure   Level  Hunger
a - Shadow Creatures      Summ           N/A          100%        6    #######


Dungeon Overview and Level Annotations

Branches:
Dungeon (11/15)            Temple (0/1) D:5            Lair (0/6) D:9
    Orc: D:9-12

Altars:
Ashenzari
Cheibriados
Fedhas
Okawaru
Qazlal
Ru
Trog
Vehumet
Xom
Yredelemnul
Zin

Shops:
D:7 =   D:8 *[[!


Innate Abilities, Weirdness & Mutations

You can spit globs of acid.
You are resistant to acid.
Your golden yellow scales are hard. (AC +8)
You cannot fit into any form of body armour.
You are cold-blooded and may be slowed by cold attacks.


Message History

The minotaur is heavily wounded.
The minotaur misses you. You block the minotaur's attack.
You slash the minotaur!
The minotaur is heavily wounded.
The minotaur hits you with a demon blade of draining!!
* * * LOW HITPOINT WARNING * * *
You feel drained.
* * * LOW HITPOINT WARNING * * *
You block the minotaur's attack.
A red film seems to cover your vision as you go berserk!
Cheibriados thinks you should slow down.
You feel very guilty.
Cheibriados lowers the support of your attributes as your movement quickens. "You will pay for your transgression, mortal!"
Cheibriados forces you to slow down.
You feel mighty!
The minotaur hits you with a demon blade of draining!
* * * LOW HITPOINT WARNING * * *
You feel drained.
You die...

▓▓▓▓ ▓▓▓▓▓ ▓▓ ▓
#.. . ... . .
#.### ..#.†####
#........# ....
#.## ######.## #
#........#....#
#.#####...#...#.
# #....H@.....#
#. . #
#######.##..## .
#. #...#...#
#...# ###.#.#.#
# . .....#. . .
#. # ### ###
#.## ## #......
# #### # # # ..
.


You could see a minotaur.

Vanquished Creatures
  6 two-headed ogres
  The ghost of Kite the Schismatic, a novice DsAK of Lugonu (D:7)
  Pikel (D:5)
  Psyche (D:9)
  2 centaur skeletons
  A merfolk (D:10)
  A troll (D:8)
  2 hornets
  2 hippogriffs
  2 redbacks (Lab)
  5 yaks (D:11)
  2 steam dragons (D:7)
  Eustachio (D:6)
  A hungry ghost (D:10)
  A water moccasin (D:8)
  3 black bears (D:8)
  2 orc warriors
  A hornet zombie (D:8)
  8 ogres
  A phantom (D:9)
  2 sky beasts
  An ice beast (D:9)
  2 centaurs
  3 big kobolds
  8 bullfrogs
  A gnoll sergeant (D:6)
  A wyvern zombie (D:9)
  2 scorpions
  24 killer bees
  A howler monkey (D:5)
  17 wights
  5 crimson imps
  4 centaur zombies
  3 jellies
  2 quasits
  2 hounds
  8 orc priests
  8 orc wizards
  A bullfrog skeleton (D:6)
  2 iguanas
  6 worker ants
  A killer bee zombie (D:9)
  2 hound skeletons
  A worker ant zombie (D:10)
  15 adders
  11 gnolls
  2 shadow imps
  2 oozes
  An adder skeleton (D:4)
  2 worms (D:2)
  2 dart slugs (D:1)
  5 leopard geckos
  16 orcs
  3 ball pythons
  6 giant cockroaches
  6 goblins
  10 hobgoblins
  A jackal (D:7)
  17 kobolds
  2 quokkas
  10 bats
  4 frilled lizards
  A jackal skeleton (D:4)
  A quokka skeleton (D:6)
  7 rats
  A plant (D:2)
276 creatures vanquished.

Vanquished Creatures (others)
  A slave (D:5)
  An iguana (D:5)
  An orc (D:5)
  A giant cockroach (D:5)
4 creatures vanquished.

Grand Total: 280 creatures vanquished

Notes
Turn   | Place    | Note
-------+----------+-------------------------------------------
     0 | D:1      | Klosterheim the Draconian Fighter began the quest for the Orb.
     0 | D:1      | Reached XP level 1. HP: 19/19 MP: 1/1
    65 | D:1      | Reached XP level 2. HP: 23/26 MP: 2/2
   151 | D:1      | Reached skill level 3 in Long Blades
   447 | D:1      | Reached XP level 3. HP: 29/31 MP: 3/3
  1065 | D:2      | Reached skill level 4 in Long Blades
  1081 | D:2      | Reached XP level 4. HP: 4/38 MP: 4/4
  1664 | D:2      | Reached skill level 5 in Long Blades
  1981 | D:2      | Found a faded altar of an unknown god.
  1987 | D:2      | Became a worshipper of Cheibriados the Contemplative
  1987 | D:2      | Reached * piety under Cheibriados
  2019 | D:3      | Reached XP level 5. HP: 45/45 MP: 5/5
  2156 | D:3      | Found a bloodstained altar of Trog.
  2683 | D:3      | Reached ** piety under Cheibriados
  2921 | D:4      | Reached skill level 6 in Long Blades
  2936 | D:4      | Noticed an ogre
  2947 | D:4      | Killed an ogre
  2947 | D:4      | Reached XP level 6. HP: 46/51 MP: 2/6
  3128 | D:4      | Reached skill level 7 in Long Blades
  3532 | D:5      | Entered Level 5 of the Dungeon
  3844 | D:5      | Noticed Pikel
  3858 | D:5      | Noticed a slave
  3872 | D:5      | Killed Pikel
  3872 | D:5      | Reached skill level 9 in Long Blades
  3872 | D:5      | Your scales start taking on a golden yellow colour.
  3872 | D:5      | Reached XP level 7. HP: 39/57 MP: 7/7
  4072 | D:5      | Found a radiant altar of Vehumet.
  4201 | D:5      | Found a staircase to the Ecumenical Temple.
  4282 | D:5      | Found a snail-covered altar of Cheibriados.
  4283 | D:5      | Found an iron altar of Okawaru.
  4326 | D:5      | Found a shattered altar of Ashenzari.
  4326 | D:5      | Found a sacrificial altar of Ru.
  4384 | D:6      | Reached XP level 8. HP: 49/63 MP: 4/8
  4465 | D:6      | Reached *** piety under Cheibriados
  4567 | D:6      | Noticed Eustachio
  4579 | D:6      | Killed Eustachio
  4579 | D:6      | Reached skill level 10 in Long Blades
  5116 | D:6      | Found a basalt altar of Yredelemnul.
  5129 | D:6      | Reached **** piety under Cheibriados
  5160 | D:6      | Reached skill level 11 in Long Blades
  5160 | D:6      | Reached XP level 9. HP: 43/73 MP: 9/9
  5165 | D:6      | Reached skill level 5 in Fighting
  5195 | D:6      | Found a glowing silver altar of Zin.
  5345 | D:6      | Found a shimmering altar of Xom.
  5358 | D:6      | Found a blossoming altar of Fedhas.
  5801 | D:7      | Noticed Kite's ghost (novice DsAK)
  6194 | D:7      | Killed Kite's ghost
  6194 | D:7      | Reached skill level 5 in Shields
  6399 | D:7      | Found Xuaw Mui's Jewellery Boutique.
  6875 | D:7      | Reached skill level 1 in Invocations
  7190 | D:7      | Reached XP level 10. HP: 84/84 MP: 11/11
  7245 | D:7      | Reached ***** piety under Cheibriados
  7246 | D:7      | Reached skill level 5 in Dodging
  7354 | D:8      | Found Yqedawos's Distillery.
  7437 | D:8      | Reached XP level 11. HP: 91/91 MP: 13/19
  7491 | D:8      | Noticed a two-headed ogre
  7499 | D:8      | Killed a two-headed ogre
  7784 | D:8      | Noticed a two-headed ogre
  7788 | D:8      | Killed a two-headed ogre
  8130 | D:8      | Found Cexe's Assorted Antiques.
  8227 | D:8      | Found Ulusyo's Antique Armour Shop.
  8238 | D:8      | Bought a pair of translucent gloves for 228 gold pieces
  8248 | D:8      | Identified the cursed +0 pair of gloves of Edyoh {rElec rF+ Stlth+} (You bought it in a shop on level 8 of the Dungeon)
  8325 | D:8      | Reached skill level 12 in Long Blades
  8432 | D:8      | Found Qyuwe's Armour Shop.
  8441 | D:8      | Bought a +0 cloak for 58 gold pieces
  8692 | D:9      | Noticed Psyche
  8697 | D:9      | Killed Psyche
  8738 | D:9      | Found a staircase to the Lair.
  8874 | D:9      | Noticed a two-headed ogre
  8880 | D:9      | Killed a two-headed ogre
  8976 | D:9      | Found a stormy altar of Qazlal.
  9185 | D:9      | Noticed a two-headed ogre
  9191 | D:9      | Killed a two-headed ogre
  9281 | D:10     | Entered Level 10 of the Dungeon
  9311 | D:10     | Reached XP level 12. HP: 89/97 MP: 16/20
  9343 | D:10     | Learned a level 6 spell: Shadow Creatures
  9370 | D:10     | Reached skill level 1 in Summonings
  9405 | D:10     | Reached skill level 1 in Spellcasting
  9760 | D:10     | Noticed a two-headed ogre
  9768 | D:10     | Killed a two-headed ogre
  9851 | D:10     | Noticed a two-headed ogre
  9856 | D:10     | Killed a two-headed ogre
  9930 | D:11     | Found a labyrinth entrance.
 10113 | Lab      | Entered a labyrinth
 10460 | Lab      | Noticed a minotaur
 10469 | Lab      | Was placed under penance by Cheibriados
 10469 | Lab      | HP: 1/145 [minotaur/demon blade of draining (16)]
 10469 | Lab      | Slain by a minotaur

Vault maps used:
D:1:      lemuel_arrival_river_ford, moated_statue, columned_hall_lemuel
D:2:      minmay_wonky_spiral, chequers_ecumenical_altar_lobes, first_bread
D:3:      bloody_trog
D:5:      gammafunk_temple_overflow_elements, minitemple, basic_altar,
          uniq_pikel
D:6:      nicolae_overflow_quartered_altars, uniq_eustachio
D:7:      serial_shops, kennysheep_little_box
D:8:      serial_shops, shop, shop, kennysheep_mini, shop
D:9:      nicolae_overflow_crystal_walls, uniq_psyche
D:10:     hangedman_fish_farm
D:11:     lab_entry_generic, serial_shops, shop, uniq_fannar
Lab:      nicolae_lab_dead_end, nicolae_lab_lava, nicolae_lab_stuck,
          nicolae_lab_do_over, nicolae_lab_arrow

Skill      XL: |  1  2  3  4  5  6  7  8  9 10 11 12 |
---------------+-------------------------------------+-----
Long Blades    | 3 4 5 6 9 11 12 | 12.4
Fighting       | 4 6 |  6.5
Shields        | 4 5 6 7 8 |  8.7
Dodging        | 4 5 6 7 |  7.0
Invocations    | 2 11 | 11.2
Summonings     | 4 |  4.5
Spellcasting   | 3 |  3.1

Action                   |  1- 3 |  4- 6 |  7- 9 | 10-12 || total
-------------------------+-------+-------+-------+-------++-------
Melee: Long sword        |   114 |   182 |    46 |       ||   342
       Tailslap          |    15 |    24 |    58 |    98 ||   195
       Falchion          |       |       |   186 |       ||   186
       Scimitar          |       |       |    25 |   302 ||   327
Invok: Bend Time         |       |     1 |     5 |     7 ||    13
       Slouch            |       |       |       |     2 ||     2
       Temporal Distorti |       |       |       |     2 ||     2
 Abil: Breathe Acid      |       |       |    17 |    14 ||    31
Evoke: Wand              |       |       |       |     2 ||     2
  Use: Potion            |       |     1 |     1 |     2 ||     4
       Scroll            |       |       |    11 |    13 ||    24
 Stab: Sleeping          |     1 |     4 |       |     5 ||    10
  Eat: Chunk             |     1 |     5 |     9 |    10 ||    25
       Beef jerky        |       |       |       |     1 ||     1
Armor: Skin              |    26 |    40 |    40 |    51 ||   157
Dodge: Dodged            |    46 |    65 |   100 |   199 ||   410
Block: Shield            |    51 |    62 |   131 |   235 ||   479
       Rpst.: Long sword |    19 |    18 |     2 |       ||    39
       Falchion          |       |       |    19 |       ||    19
       Scimitar          |       |       |     4 |    62 ||    66
